 Dungeon Sprint DCSS version 0.25.1-2-g60ff931df9 (webtiles) character file.

Game seed: 442204209112045618

318 Cadaver the Cleaver (level 6, -4/41 HPs)
             Began as a Gargoyle Gladiator on Dec 6, 2020.
             Was a Believer of Okawaru.
             Slain by Sonja
             ... wielding a +0 short sword of distortion
              (22 damage)
             ... in the Dungeon (Sprint VII: "The Pits").
             The game lasted 00:03:54 (609 turns).

Cadaver the Cleaver (Gargoyle Gladiator)             Turns: 609, Time: 00:03:55

Health: -4/41      AC: 18    Str: 18    XL:     6   Next: 45%
Magic:  5/6        EV:  5    Int:  8    God:    Okawaru [**....]
Gold:   0          SH:  7    Dex: 13    Spells: 5/5 levels left

rFire    . . .     SeeInvis .   t - +0 flail (vorpal)
rCold    . . .     Gourm    .   b - +0 kite shield
rNeg     + . .     Faith    .   v - +3 chain mail
rPois    ∞         Spirit   .   c - +0 helmet
rElec    +         Reflect  .   (no cloak)
rCorr    .         Harm     .   (no gloves)
MR       .....     NoTele   +   (no boots)
Stlth    ..........             (no amulet)
HPRegen  0.13/turn              (no ring)
MPRegen  0.10/turn              (no ring)

@: no status effects
A: negative energy resistance 1, electricity resistance, unbreathing,
petrification resistance, rot immunity, AC +4
a: Heroism, Renounce Religion


You were in the Dungeon.
You worshipped Okawaru.
Okawaru was pleased with you.
You were not hungry.

You visited 1 branch

Inventory:

Hand Weapons
 a - a +0 war axe
 l - a +2 hand axe
 t - a +0 vorpal flail (weapon)
 u - a +2 vorpal hand axe
Missiles
 d - a throwing net
 r - 7 stones (quivered)
Armour
 b - a +0 kite shield (worn)
 c - a +0 helmet (worn)
 v - a +3 chain mail (worn)
Scrolls
 k - a scroll of blinking
 n - 3 scrolls of remove curse
 o - 5 scrolls of amnesia
 p - a scroll of summoning
 q - 2 scrolls of vulnerability
Potions
 e - 6 potions of curing
 g - 4 potions of heal wounds
 h - a potion of haste
 i - 4 potions of magic
 j - 2 potions of berserk rage
 m - a potion of invisibility
Comestibles
 f - 9 rations
 s - 8 chunks of flesh


   Skills:
 + Level 5.8 Fighting
 + Level 10.5 Axes
 + Level 0.3(7.3) Maces & Flails
 - Level 1.7 Throwing
 + Level 4.9 Armour
 - Level 2.4 Dodging
 + Level 0.3 Shields


You had 5 spell levels left.
You didn't know any spells.
Your spell library was empty.

Dungeon Overview and Level Annotations

Branches:
Dungeon (1/1)

Altars:
Ashenzari
Cheibriados
Dithmenos
Elyvilon
Fedhas
Gozag
Hepliaklqana
Kikubaaqudgha
Makhleb
Nemelex Xobeh
Okawaru
Qazlal
Ru
Sif Muna
Trog
Uskayaw
Vehumet
Wu Jian
Xom
Yredelemnul
Zin
The Shining One
Beogh
Jiyva
Lugonu

Annotations:
D Sonja


Innate Abilities, Weirdness & Mutations

You are resistant to torment.
Your stone body is resilient. (AC +4)
You are immune to poison.
You resist negative energy. (rN+)
You are resistant to electric shocks. (rElec)
You can survive without breathing.
You are immune to petrification.
You are immune to rotting.


Message History

Press: ? - help, Shift-Dir - straight line, f/p - Sonja
Aim: Sonja, wielding a +0 short sword of distortion (almost dead)
You throw a stone. The stone completely misses Sonja.
Sonja twirls her cape.
Throwing (i - inventory. (/) - cycle)
r - 8 stones (quivered)
Press: ? - help, Shift-Dir - straight line, f/p - Sonja
Aim: Sonja, wielding a +0 short sword of distortion (almost dead)
You throw a stone. The stone misses Sonja.
You miss Sonja.
Sonja is almost dead.
Sonja casts a spell.
Sonja looks slightly unstable.
Sonja hits you but does no damage. Space bends around you.
Sonja hits you but does no damage. Space warps horribly around you!
Sonja completely misses you.
You completely miss Sonja.
Sonja is almost dead.
Sonja barely misses you. Sonja hits you but does no damage.
Space warps horribly around you!!
Ouch! That really hurt!
You die...

#.#........##.......#
#÷###########.......#
#.......# #########
#..#.#..# #.##.##.#
#.......#+#
#.##.##(#.+
#..#.#..#'#
#(....÷K@.#
###########


You could see Sonja.

Vanquished Creatures
  A wolf (D)
  2 bullfrogs (D)
  A gnoll sergeant (D)
  3 gnolls (D)
  A white imp (D)
  An ooze (D)
  An adder skeleton (D)
  2 orcs (D)
  A hobgoblin (D)
  4 jackals (D)
  A frilled lizard (D)
  A quokka skeleton (D)
  2 rats (D)
21 creatures vanquished.

Notes
Turn   | Place    | Note
-------+----------+-------------------------------------------
     0 | D        | Cadaver the Gargoyle Gladiator began the quest for the Orb.
     0 | D        | Reached XP level 1. HP: 12/12 MP: 1/1
    10 | D        | Reached skill level 3 in Axes
    39 | D        | Found a glowing golden altar of the Shining One.
    39 | D        | Found a glowing silver altar of Zin.
    39 | D        | Found a basalt altar of Yredelemnul.
    39 | D        | Found a shimmering altar of Xom.
    39 | D        | Found an ornate altar of the Wu Jian Council.
    39 | D        | Found a bloodstained altar of Trog.
    39 | D        | Found a shimmering blue altar of Sif Muna.
    39 | D        | Found a sacrificial altar of Ru.
    39 | D        | Found a stormy altar of Qazlal.
    39 | D        | Found an iron altar of Okawaru.
    39 | D        | Found a sparkling altar of Nemelex Xobeh.
    39 | D        | Found a burning altar of Makhleb.
    39 | D        | Found a viscous altar of Jiyva.
    39 | D        | Found a hazy altar of Hepliaklqana.
    39 | D        | Found an opulent altar of Gozag.
    39 | D        | Found a blossoming altar of Fedhas.
    39 | D        | Found a white marble altar of Elyvilon.
    39 | D        | Found a shadowy altar of Dithmenos.
    39 | D        | Found a snail-covered altar of Cheibriados.
    40 | D        | Found a radiant altar of Vehumet.
    40 | D        | Found a corrupted altar of Lugonu.
    40 | D        | Found a roughly hewn altar of Beogh.
    41 | D        | Found a hide-covered altar of Uskayaw.
    41 | D        | Found an ancient bone altar of Kikubaaqudgha.
    41 | D        | Found a shattered altar of Ashenzari.
    45 | D        | Became a worshipper of Warmaster Okawaru
    74 | D        | Reached skill level 4 in Axes
    74 | D        | Reached XP level 2. HP: 18/18 MP: 2/2
   367 | D        | Noticed a gnoll sergeant
   367 | D        | Noticed a wolf
   391 | D        | Killed a wolf
   391 | D        | Reached * piety under Okawaru
   391 | D        | Reached skill level 7 in Axes
   391 | D        | Reached XP level 3. HP: 24/24 MP: 3/3
   391 | D        | Reached XP level 4. HP: 29/29 MP: 4/4
   401 | D        | Killed a gnoll sergeant
   401 | D        | Reached skill level 8 in Axes
   401 | D        | Reached XP level 5. HP: 20/34 MP: 5/5
   404 | D        | Reached skill level 9 in Axes
   424 | D        | Reached skill level 5 in Fighting
   424 | D        | Reached skill level 10 in Axes
   424 | D        | Reached XP level 6. HP: 28/40 MP: 6/6
   584 | D        | Reached ** piety under Okawaru
   590 | D        | Noticed Sonja
   609 | D        | Slain by Sonja

Illustrated notes

Levels and vault maps discovered:
D:        pitsprint [storerooms_1, entrance_room_1, metal_vault_6, armoury_1,
          mini_pit_1, grid_room_1, main_hall_1, silver_pit, the_coven_1,
          the_vestibule_1, steel_vault_1, golden_pit, hallway_of_sentries,
          crystal_vault_3, iron_vault_3, final_vault]

Skill      XL: |  1  2  3  4  5 |
---------------+----------------+-----
Axes           | 4 7 8 10 | 10.5
Fighting       | 4 5 |  5.8
Armour         | 2 3 4 |  4.9
Maces & Flails | |  0.3
Throwing       | |  1.7
Dodging        | |  2.4
Shields        | |  0.3

Action                   |  1- 3 |  4- 6 || total
-------------------------+-------+-------++-------
Melee: War axe           |    39 |    31 ||    70
       Flail             |       |    12 ||    12
Throw: Throwing net      |     1 |     2 ||     3
       Stone             |       |     3 ||     3
Invok: Heroism           |       |     1 ||     1
  Use: Potion            |     2 |     2 ||     4
 Stab: Invisible         |       |     7 ||     7
       Held in net/web   |       |     1 ||     1
Armor: Leather armour    |    13 |       ||    13
       Chain mail        |    23 |    39 ||    62
Dodge: Dodged            |    33 |    37 ||    70
Block: Kite shield       |       |    10 ||    10
